 Dungeon Sprint DCSS version 0.26-a0-966-gd078a86f14 (webtiles) character file.

Game seed: 354260910207099423

78932 mhtbhm the Conqueror (level 15, -32/174 HPs)
             Began as a Minotaur Fighter on Dec 3, 2020.
             Was the Champion of Okawaru.
             Killed from afar by an orb of fire (101 damage)
             ... with a fireball
             ... in the Dungeon (Sprint VII: "The Pits").
             The game lasted 00:14:10 (6455 turns).

mhtbhm the Conqueror (Minotaur Fighter)             Turns: 6455, Time: 00:14:11

Health: -32/174    AC: 27    Str: 32    XL:     15   Next: 19%
Magic:  16/23      EV: 20    Int:  8    God:    Okawaru [******]
Gold:   61         SH: 22    Dex: 10    Spells: 14/14 levels left

rFire    . . .     SeeInvis +   a - +14 obsidian axe {vorpal, +Fly SInv *Curse} (curse)
rCold    . . .     Faith    .   c - +0 kite shield
rNeg     + + +     Spirit   .   b - +0 shadow dragon scales
rPois    +         Reflect  +   u - +1 hat {SInv}
rElec    .         Harm     .   G - scarf {+Inv}
rCorr    .         Rampage  .   D - +0 pair of gloves of Eternal Vigilance {rF- rN+++ Str+5}
MR       ++...     NoTele   +   F - +0 pair of boots {Stlth+}
Stlth    ++++......             C - amulet of reflection
HPRegen  0.39/turn              z - ring of poison resistance
MPRegen  0.18/turn              E - ring "Fulun" {+Fly rF+ MR+ Int+3 Stlth-}

@: heroism, finesse, mesmerised, studying Ice Magic
A: retaliatory headbutt, horns 2
a: Heroism, Finesse, Renounce Religion, Evoke Invisibility, Evoke Flight


You were in the Dungeon.
You worshipped Okawaru.
Okawaru was exalted by your worship.
You visited 1 branch You collected 61 gold pieces.

Inventory:

Hand Weapons
 a - the cursed +14 obsidian axe (weapon) {vorpal, +Fly SInv *Curse}
   (Okawaru gifted it to you in the Dungeon)

   It inflicts extra damage upon your enemies.
   It lets you see invisible.
   It lets you fly.
   It curses itself when equipped.
   It has a curse placed upon it.
 s - a +5 demon trident of distortion
 w - a +2 morningstar of holy wrath
 B - a +2 demon whip of draining
Missiles
 t - 18 javelins (quivered)
Armour
 b - +0 shadow dragon scales (worn)
 c - a +0 kite shield (worn)
 u - a +1 hat of see invisible (worn)
 D - the +0 pair of gloves of Eternal Vigilance (worn) {rF- rN+++ Str+5}
   (Okawaru gifted it to you in the Dungeon)

   It affects your strength (+5).
   It makes you vulnerable to fire.
   It renders you almost immune to negative energy.
 F - a +0 pair of boots of stealth (worn)
 G - a scarf of invisibility (worn)
 H - +0 fire dragon scales
Jewellery
 p - a +3 ring of evasion
 q - a +3 ring of protection
 z - a ring of poison resistance (left hand)
 C - an amulet of reflection (around neck)
 E - the ring "Fulun" (right hand) {+Fly rF+ MR+ Int+3 Stlth-}
   (You took it off a naga warrior in the Dungeon)

   [ring of flight]

   It affects your intelligence (+3).
   It protects you from fire.
   It affects your resistance to hostile enchantments.
   It lets you fly.
   It makes you less stealthy.
Wands
 o - a wand of flame (17)
Scrolls
 j - 4 scrolls of blinking
 l - 3 scrolls of remove curse
 m - 5 scrolls of amnesia
 n - a scroll of summoning
 v - 5 scrolls of identify
 x - 3 scrolls of fear
 y - 2 scrolls of enchant armour
Potions
 d - a potion of might
 e - 7 potions of curing
 f - 11 potions of heal wounds
 g - 2 potions of haste
 h - 4 potions of magic
 k - 2 potions of invisibility
 r - 3 potions of mutation
Books
 A - a manual of Ice Magic


   Skills:
 O Level 27 Fighting
 - Level 16.2(21.2) Axes
 O Level 27 Armour
 + Level 18.2(23.2) Dodging
 - Level 0.8(5.8) Stealth
 - Level 15.0(20.0) Shields
 * Level 13.0 Invocations
 + Level 1.6 Evocations


You had 14 spell levels left.
You didn't know any spells.
Your spell library was empty.

Dungeon Overview and Level Annotations

Branches:
Dungeon (1/1)

Altars:
Ashenzari
Cheibriados
Dithmenos
Elyvilon
Fedhas
Gozag
Hepliaklqana
Kikubaaqudgha
Makhleb
Nemelex Xobeh
Okawaru
Qazlal
Ru
Sif Muna
Trog
Uskayaw
Vehumet
Wu Jian
Xom
Yredelemnul
Zin
The Shining One
Beogh
Jiyva
Lugonu


Innate Abilities, Weirdness & Mutations

You reflexively headbutt those who attack you in melee.
You have a pair of horns on your head.


Message History

You are no longer entranced.
You destroy the curse toe!
Okawaru is honoured by your kill.
Your Dodging skill increases to level 18!
Your Invocations skill gained 2 levels and is now at level 13!
There is an open door here.
You open the door.
An orb of fire comes into view.
Visions of slaying the orb of fire flood into your mind.
You gain the combat prowess of a mighty hero.
The orb of fire glows bright magenta.
The fireball explodes!
The fireball engulfs you!!!
The fireball engulfs the orb of fire.
The orb of fire completely resists.
You can now deal lightning-fast blows.
The orb of fire glows deep purple.
The bolt of fire hits you!!!
The orb of fire emits a lurid red light.
The fireball explodes!
The fireball engulfs you!!!!
Ouch! That really hurt!
You die...

#)# #'# ###### #.#
###.'#.###†#
###.###...##.#
#+.##'.)#.###'#
#...#...#'# #.#
###.*##[##.###'#
##.###@'##...##.##
+...'...##'.##...#
##.###.##.##''.[)#
## ##########)##
#)# #÷# #'# #.#
#'#


You could see an orb of fire (mesmerising).

Vanquished Creatures
  An ancient lich (D)
  Frederick (D)
  Margery (D)
  A curse toe (D)
  A pearl dragon (D)
  2 Tzitzimimeh (D)
  A Brimstone Fiend (D)
  An Ice Fiend (D)
  3 titans (D)
  A shadow dragon (D)
  A frost giant (D)
  A nagaraja (D)
  2 pandemonium lords (D)
  An iron dragon (D)
  A balrug (D)
  An angel (D)
  A war gargoyle (D)
  A merfolk javelineer (D)
  A green death (D)
  A mummy priest (D)
  A hell beast (D)
  2 naga warriors (D)
  A spriggan air mage (D)
  2 anacondas (D)
  A hydra (D)
  A catoblepas (D)
  A centaur warrior (D)
  2 death knights (D)
  2 vampire magi (D)
  A sun demon (D)
  A sixfirhy (D)
  An iron troll (D)
  A flayed ghost (D)
  A wizard (D)
  Pikel (D)
  A lindwurm (D)
  5 harpies (D)
  3 deep elf magi (D)
  A cyclops (D)
  A rust devil (D)
  2 naga magi (D)
  3 molten gargoyles (D)
  2 orange demons (D)
  A smoke demon (D)
  A kobold demonologist (D)
  A cane toad (D)
  A rime drake (D)
  A komodo dragon (D)
  A demonic crawler (D)
  A wandering mushroom (D)
  A polar bear (D)
  A red devil (D)
  4 merfolk (D)
  A troll (D)
  Grinder (D)
  A jumping spider (D)
  2 tyrant leeches (D)
  6 blink frogs (D)
  A spriggan (D)
  A redback (D)
  2 air elementals (D)
  2 wraiths (D)
  3 yaks (D)
  A ynoxinul (D)
  A golden eye (D)
  A naga (D)
  A soldier ant (D)
  A water moccasin (D)
  2 orc warriors (D)
  2 swamp drakes (D)
  An ice beast (D)
  A necrophage (D)
  An eye of draining (D)
  An ogre (D)
  A centaur (D)
  3 lemures (D)
  2 big kobolds (D)
  An earth elemental (D)
  4 killer bees (D)
  3 wights (D)
  2 orc wizards (D)
  An orc priest (D)
  Jessica (D)
  A mummy (D)
  3 gnolls (D)
  A river rat (D)
  An ooze (D)
  A worm (D)
  4 orcs (D)
  A ball python (D)
  A bat skeleton (D)
  A giant cockroach (D)
  A hobgoblin (D)
  6 jackals (D)
  A quokka (D)
  2 bats (D)
  A frilled lizard (D)
  3 kobolds (D)
  3 rats (D)
156 creatures vanquished.

Vanquished Creatures (collateral kills)
  A quicksilver dragon (D)
  A shadow dragon (D)
  A rakshasa (D)
  A hydra (D)
  A golden eye (D)
5 creatures vanquished.

Vanquished Creatures (others)
  An unseen horror (D)
1 creature vanquished.

Grand Total: 162 creatures vanquished

Notes
Turn   | Place    | Note
-------+----------+-------------------------------------------
     0 | D        | mhtbhm the Minotaur Fighter began the quest for the Orb.
     0 | D        | Reached XP level 1. HP: 19/19 MP: 0/0
    56 | D        | Found a bloodstained altar of Trog.
    56 | D        | Found a shimmering blue altar of Sif Muna.
    56 | D        | Found a viscous altar of Jiyva.
    56 | D        | Found a hazy altar of Hepliaklqana.
    56 | D        | Found an opulent altar of Gozag.
    57 | D        | Found a glowing golden altar of the Shining One.
    57 | D        | Found a glowing silver altar of Zin.
    57 | D        | Found a basalt altar of Yredelemnul.
    57 | D        | Found a shimmering altar of Xom.
    57 | D        | Found an ornate altar of the Wu Jian Council.
    57 | D        | Found a sacrificial altar of Ru.
    57 | D        | Found a stormy altar of Qazlal.
    57 | D        | Found an iron altar of Okawaru.
    57 | D        | Found a sparkling altar of Nemelex Xobeh.
    57 | D        | Found a burning altar of Makhleb.
    57 | D        | Found a blossoming altar of Fedhas.
    57 | D        | Found a white marble altar of Elyvilon.
    57 | D        | Found a shadowy altar of Dithmenos.
    57 | D        | Found a snail-covered altar of Cheibriados.
    61 | D        | Found a radiant altar of Vehumet.
    61 | D        | Found a corrupted altar of Lugonu.
    61 | D        | Found a roughly hewn altar of Beogh.
    62 | D        | Found a hide-covered altar of Uskayaw.
    62 | D        | Found an ancient bone altar of Kikubaaqudgha.
    62 | D        | Found a broken altar of Ashenzari.
    77 | D        | Became a worshipper of Warmaster Okawaru
    94 | D        | Reached XP level 2. HP: 26/28 MP: 1/1
   103 | D        | Reached skill level 5 in Armour
   123 | D        | Reached skill level 5 in Shields
   131 | D        | Reached skill level 5 in Fighting
   131 | D        | Reached XP level 3. HP: 28/36 MP: 2/2
   243 | D        | Noticed a water moccasin
   253 | D        | Reached XP level 4. HP: 40/44 MP: 3/3
   263 | D        | Killed a water moccasin
   264 | D        | Reached skill level 1 in Dodging
   264 | D        | Reached XP level 5. HP: 14/52 MP: 4/4
   459 | D        | Noticed a blink frog
   469 | D        | Killed a blink frog
   469 | D        | Reached * piety under Okawaru
   470 | D        | Reached XP level 6. HP: 54/62 MP: 5/5
   512 | D        | Noticed Grinder
   512 | D        | Noticed an ice beast
   512 | D        | Noticed an orc warrior
   520 | D        | Killed an orc warrior
   524 | D        | Reached XP level 7. HP: 32/70 MP: 6/6
   530 | D        | Killed Grinder
   531 | D        | Reached skill level 10 in Axes
   531 | D        | Reached skill level 10 in Armour
   531 | D        | Reached skill level 10 in Shields
   534 | D        | Reached skill level 10 in Fighting
   740 | D        | Noticed a rime drake
   755 | D        | Killed a rime drake
   755 | D        | Reached ** piety under Okawaru
   756 | D        | Reached XP level 8. HP: 17/80 MP: 0/7
  1036 | D        | Noticed a smoke demon
  1044 | D        | Killed a smoke demon
  1221 | D        | Noticed a flayed ghost
  1221 | D        | Noticed an anaconda
  1221 | D        | Noticed a polar bear
  1236 | D        | Killed a polar bear
  1236 | D        | Reached *** piety under Okawaru
  1237 | D        | Killed an anaconda
  1238 | D        | Reached skill level 1 in Invocations
  1238 | D        | Reached XP level 9. HP: 61/90 MP: 8/8
  1242 | D        | Killed a flayed ghost
  1388 | D        | Noticed a cyclops
  1390 | D        | Noticed a sixfirhy
  1407 | D        | Killed a sixfirhy
  1407 | D        | Reached **** piety under Okawaru
  1407 | D        | Killed a cyclops
  1408 | D        | Reached skill level 15 in Axes
  1408 | D        | Reached skill level 5 in Dodging
  1604 | D        | Noticed a lindwurm
  1612 | D        | Reached XP level 10. HP: 81/100 MP: 10/10
  1616 | D        | Killed a lindwurm
  1616 | D        | Reached ***** piety under Okawaru
  1715 | D        | Noticed a deep elf mage
  1726 | D        | Killed a deep elf mage
  1813 | D        | Noticed Jessica
  1813 | D        | Noticed a death knight
  1819 | D        | Killed Jessica
  1826 | D        | Killed a death knight
  1826 | D        | Received a gift from Okawaru
  1994 | D        | Noticed a deep elf mage
  2000 | D        | Reached skill level 15 in Shields
  2015 | D        | Received a gift from Okawaru
  2016 | D        | Reached skill level 15 in Fighting
  2022 | D        | Killed a deep elf mage
  2023 | D        | Reached XP level 11. HP: 36/112 MP: 11/11
  2300 | D        | Noticed a vampire mage
  2307 | D        | Killed a vampire mage
  2328 | D        | Noticed a merfolk javelineer
  2353 | D        | Killed a merfolk javelineer
  2354 | D        | Reached skill level 10 in Dodging
  2629 | D        | Noticed a four-headed hydra
  2639 | D        | Killed an 11-headed hydra
  2686 | D        | Noticed Pikel
  2709 | D        | Reached ****** piety under Okawaru
  2713 | D        | Received a gift from Okawaru
  2714 | D        | Reached skill level 15 in Armour
  2731 | D        | Killed Pikel
  3032 | D        | Noticed an anaconda
  3032 | D        | Noticed a mummy priest
  3032 | D        | Noticed an iron troll
  3032 | D        | Noticed a nagaraja
  3032 | D        | Noticed a naga warrior
  3037 | D        | Noticed a phantasmal warrior
  3038 | D        | Killed an anaconda
  3044 | D        | Killed an iron troll
  3048 | D        | Killed a nagaraja
  3049 | D        | Reached XP level 12. HP: 28/130 MP: 12/12
  3052 | D        | Killed a mummy priest
  3053 | D        | Reached skill level 1 in Evocations
  3053 | D        | Killed a naga warrior
  3472 | D        | Noticed a Tzitzimitl
  3488 | D        | Killed a Tzitzimitl
  3488 | D        | Received a gift from Okawaru
  3489 | D        | Found the +14 obsidian axe {vorpal, +Fly SInv *Curse}
  3800 | D        | Noticed a shadow dragon
  3813 | D        | Killed a shadow dragon
  3992 | D        | Noticed a titan
  4001 | D        | Killed a titan
  4240 | D        | Noticed a hell beast
  4243 | D        | Killed a hell beast
  4246 | D        | Noticed a pearl dragon
  4257 | D        | Killed a pearl dragon
  4257 | D        | Received a gift from Okawaru
  4258 | D        | Reached XP level 13. HP: 62/145 MP: 12/14
  4260 | D        | Got a pair of translucent gloves {god gift}
  4266 | D        | Identified the +0 pair of gloves of Eternal Vigilance {rF-
                  | rN+++ Str+5} (Okawaru gifted it to you in the Dungeon)
  4594 | D        | Noticed a green death
  4595 | D        | Identified the +10 hand axe "Peaqatz" {vamp, *Contam rN+
                  | Stlth+}
  4604 | D        | Noticed a war gargoyle
  4606 | D        | Killed a green death
  4607 | D        | Identified the ring "Fulun" {+Fly rF+ MR+ Int+3 Stlth-}
  4627 | D        | Killed a war gargoyle
  4643 | D        | Received a gift from Okawaru
  4784 | D        | Noticed a quicksilver dragon
  4789 | D        | Killed a quicksilver dragon
  4790 | D        | Reached skill level 15 in Dodging
  5053 | D        | Noticed an Ice Fiend
  5053 | D        | Noticed a frost giant
  5053 | D        | Noticed a shadow dragon
  5053 | D        | Noticed a titan
  5053 | D        | Noticed an iron dragon
  5061 | D        | Killed an iron dragon
  5066 | D        | Killed a frost giant
  5070 | D        | Killed a titan
  5070 | D        | Received a gift from Okawaru
  5076 | D        | Killed an Ice Fiend
  5077 | D        | Reached skill level 5 in Invocations
  5077 | D        | Reached XP level 14. HP: 82/160 MP: 9/17
  5078 | D        | Killed a shadow dragon
  5078 | D        | Received a gift from Okawaru
  5088 | D        | Got a brightly glowing war axe {god gift}
  5089 | D        | Identified the +2 war axe "Itypius" {drain, rF+ Str-2 Int+4
                  | Dex+4} (Okawaru gifted it to you in the Dungeon)
  5359 | D        | Noticed Unkaf the pandemonium lord
  5371 | D        | Killed Unkaf the pandemonium lord
  5373 | D        | Noticed a titan
  5376 | D        | Killed a titan
  5379 | D        | Noticed Frederick
  5384 | D        | Killed Frederick
  5386 | D        | Noticed a balrug
  5394 | D        | Killed a balrug
  5406 | D        | Received a gift from Okawaru
  5471 | D        | Noticed a Brimstone Fiend
  5474 | D        | Killed a Brimstone Fiend
  5583 | D        | Noticed an ancient lich
  5588 | D        | Killed an ancient lich
  5848 | D        | Noticed Margery
  5855 | D        | Killed Margery
  5856 | D        | Reached skill level 27 in Fighting
  5987 | D        | Noticed an angel
  5997 | D        | Killed an angel
  5998 | D        | Reached skill level 10 in Invocations
  6022 | D        | Noticed a Tzitzimitl
  6026 | D        | Killed a Tzitzimitl
  6026 | D        | Received a gift from Okawaru
  6053 | D        | Noticed Zeguj the pandemonium lord
  6067 | D        | HP: 2/168 [Zeguj the pandemonium lord (22)]
  6071 | D        | Killed Zeguj the pandemonium lord
  6072 | D        | Reached skill level 27 in Armour
  6072 | D        | Reached XP level 15. HP: 39/174 MP: 22/22
  6445 | D        | Noticed a curse toe
  6448 | D        | Killed a curse toe
  6453 | D        | Noticed an orb of fire
  6455 | D        | Killed from afar by an orb of fire

Illustrated notes

Levels and vault maps discovered:
D:        pitsprint [storerooms_1, entrance_room_1, metal_vault_1, armoury_2,
          mini_pit_1, grid_room_1, main_hall_1, silver_pit, the_coven_3,
          the_vestibule_1, steel_vault_4, golden_pit, hallway_of_sentries,
          crystal_vault_1, iron_vault_4, final_vault]

Skill      XL: |  1  2  3  4  5  6  7  8  9 10 11 12 13 14 15 |
---------------+----------------------------------------------+-----
Fighting       | 4 5 7 8 9 10 11 12 15 19 22 24 27 | 27.0
Axes           | 3 4 6 9 11 14 15 16 | 16.2
Armour         | 4 5 6 8 9 10 12 13 15 20 24 27 | 27.0
Shields        | 4 5 6 7 9 11 12 13 15 | 15.0
Dodging        | 1 2 4 5 8 12 13 15 17 18 | 18.2
Invocations    | 1 2 5 11 13 | 13.0
Evocations     | 1 |  1.6
Stealth        | |  0.8

Action                   |  1- 3 |  4- 6 |  7- 9 | 10-12 | 13-15 || total
-------------------------+-------+-------+-------+-------+-------++-------
Melee: Hand axe          |    40 |    49 |    23 |       |       ||   112
       War axe           |     1 |       |    35 |   234 |       ||   270
       Headbutt          |     7 |     7 |    14 |    66 |    48 ||   142
       Broad axe         |       |       |       |    33 |   155 ||   188
Invok: Heroism           |       |       |     1 |     1 |     3 ||     5
       Finesse           |       |       |       |       |     2 ||     2
Evoke: Wand              |       |       |       |     1 |       ||     1
  Use: Potion            |       |     1 |     3 |     6 |     5 ||    15
       Scroll            |       |       |       |       |     2 ||     2
 Stab: Sleeping          |       |       |       |     2 |     4 ||     6
       Distracted        |       |       |       |       |     2 ||     2
Armor: Scale mail        |    15 |       |    11 |    47 |       ||    73
       Chain mail        |     9 |    18 |     2 |       |       ||    29
       Shadow dragon sca |       |       |       |     6 |    27 ||    33
Dodge: Dodged            |     9 |     6 |    12 |   148 |    63 ||   238
Block: Kite shield       |    14 |    19 |    32 |   144 |   109 ||   318
       Reflection        |       |       |       |       |     3 ||     3

Table legend: (Time is in decaauts)
 A = Elapsed time spent in this place.
 B = Non-inter-level travel time spent in this place.
 C = Inter-level travel time spent in this place.
 D = Time resting spent in this place.
 E = Time spent auto-exploring this place.
 F = Levels seen in this place.
 G = Mean time per level.
                   A        B        C        D        E       F      G
               +--------+--------+--------+--------+--------+-----+--------+
         Total |   6415 |   6415 |      0 |   4347 |     67 |   1 | 6415.0 |
       Dungeon |   6415 |   6415 |      0 |   4347 |     67 |   1 | 6415.0 |
               +--------+--------+--------+--------+--------+-----+--------+

Top non-repeatable levels by time:
       D: 6415 daAuts
